 Dungeon Crawl Stone Soup version 0.31-a0-360-gb3e1d13bf4 (webtiles) character file.

Game seed: 14381795757274139704

43849 CraigForest the Brawler (level 13, -10/171 HPs)
             Began as a Troll Fighter on July 27, 2023.
             Was a High Priest of Nemelex Xobeh.
             Mangled by bakla's ghost (25 damage)
             ... on level 13 of the Dungeon.
             The game lasted 01:44:55 (10103 turns).

CraigForest the Brawler (Troll Fighter)            Turns: 10103, Time: 01:44:55

Health: -10/171    AC: 16    Str: 45    XL:     13   Next: 93%
Magic:  0/12       EV:  8    Int:  9    God:    Nemelex Xobeh [*****.]
Gold:   695        SH:  0    Dex:  9    Spells: 8/12 levels left

rFire   + +          .
                       - Unarmed
rCold   x . .        b - melded +0 kite shield
rNeg    . . .        Z - melded +0 troll leather armour
rPois   +            (helmet currently unavailable)
rElec   .            A - melded +0 cloak
rCorr   +            (gloves unavailable)
SInv    +            (boots unavailable)
Will    +....        d - amulet of guardian spirit Stlth
                     s - ring of willpower
HPRegen 1.28/turn    v - ring of Xom's Recklessness {rCorr Str+4 Int+5 SInv Stlth-}
MPRegen 0.13/turn

%: clarity, guardian spirit
@: mighty, short of breath, dragon-form, flying, studying 2 skills
A: dragon claw, dragon scales, breathe fire, flying, boosted hp, giant,
unfitting armour, (claws 3), regeneration 1, (shaggy fur 1), (tough skin 1),
clarity, screaming 1
a: Breathe Fire, Begin Untransformation, Renounce Religion, Draw Escape, Draw
Destruction, Draw Summoning, Triple Draw, Deal Four, Stack Five


You were on level 13 of the Dungeon.
You worshipped Nemelex Xobeh.
Nemelex Xobeh was extremely pleased with you.
You were a fearsome dragon!
You visited 3 branches of the dungeon, and saw 16 of its levels.
You also visited: Ice Cave.

You collected 1360 gold pieces.
You spent 665 gold pieces at shops.

Inventory:

Hand Weapons
 k - a +8 dagger of venom
 p - a +0 giant spiked club
 t - a +2 halberd
 u - a +2 heavy flail
 w - a +5 long sword
 V - a +2 dagger of speed
 X - a +0 scimitar of flaming
Missiles
 Q - 3 throwing nets
Armour
 b - a +0 kite shield (melded)
 o - +0 steam dragon scales
 A - a +0 cloak (melded)
 Z - a +0 troll leather armour (melded)
Jewellery
 d - an amulet of guardian spirit (around neck)
 s - a ring of willpower (left foreclaw)
 v - the ring of Xom's Recklessness (right foreclaw) {rCorr Str+4 Int+5 SInv Stlth-}
   (You bought it in a shop on level 2 of the Orcish Mines)

   [ring of see invisible]

   Str:       It affects your strength (+4).
   Int:       It affects your intelligence (+5).
   SInv:      It lets you see invisible.
   rCorr:     It protects you from acid and corrosion.
   Stlth:     It makes you less stealthy.
 K - a +6 ring of intelligence
 O - an amulet of reflection
Talismans
 g - a dragon-blood talisman
 q - a maw talisman
Wands
 r - a wand of roots (14)
 D - a wand of charming (9)
 N - a wand of digging (8)
Scrolls
 h - a scroll of butterflies {unknown}
 j - a scroll of blinking {unknown}
 m - 5 scrolls of enchant weapon
 n - a scroll of poison {unknown}
 x - 2 scrolls of teleportation
 y - a scroll of revelation {unknown}
 E - 2 scrolls of fear
 J - 2 scrolls of amnesia
 L - a scroll of immolation {unknown}
 R - a scroll of silence
 T - a scroll of torment
Potions
 c - a potion of might
 e - a potion of ambrosia
 f - 4 potions of resistance
 i - 3 potions of cancellation
 z - 3 potions of mutation
 B - 2 potions of brilliance
 C - a potion of berserk rage {unknown}
 G - 4 potions of curing
 I - a potion of enlightenment
 P - a potion of attraction
 S - a potion of invisibility {unknown}
 U - 2 potions of lignification
Miscellaneous
 Y - a condenser vane


   Skills:
 + Level 3.8 Fighting
 + Level 4.8 Dodging
 - Level 3.0 Shields
 + Level 17.1 Unarmed Combat
 * Level 16.4 Shapeshifting


You had 8 spell levels left.
You knew the following spells:

 Your Spells              Type           Power      Damage    Failure   Level
a - Wereblood             Tmut           0%         N/A       52%         2
b - Blink                 Tloc           0%         N/A       52%         2

Your spell library contained the following spells:

 Spells                   Type           Power      Damage    Failure   Level
 Sting                    Tmut/Pois      0%         1d3       38%         1
 Lesser Beckoning         Tloc           0%         N/A       52%         2
 Poisonous Vapours        Pois/Air       0%         N/A       52%         2
 Gell's Gravitas          Tloc           0%         N/A       77%         3
 Hailstorm                Conj/Ice       0%         3d3       77%         3
 Ozocubu's Armour         Ice            0%         N/A       77%         3
 Teleport Other           Tloc           0%         N/A       77%         3
 Animate Armour           Summ/Erth      0%         N/A       99%         4
 Manifold Assault         Tloc           0%         N/A       99%         4
 Olgreb's Toxic Radiance  Pois           0%         N/A       99%         4
 Summon Ice Beast         Ice/Summ       0%         N/A       99%         4
 Summon Lightning Spire   Summ/Air       0%         N/A       99%         4
 Fireball                 Conj/Fire      0%         3d3       100%        5
 Irradiate                Conj/Tmut      0%         3d11      100%        5
 Iskenderun's Battlesphe  Conj           0%         2d6       100%        5
 Lee's Rapid Deconstruct  Erth           0%         3d4*      100%        5
 Conjure Ball Lightning   Conj/Air       0%         3x3d6     100%        6
 Dispersal                Tloc           0%         N/A       100%        6
 Simulacrum               Ice/Necr       0%         N/A       100%        6
 Orb of Destruction       Conj           0%         9d5       100%        7
 Ozocubu's Refrigeration  Ice            0%         4d7       100%        7


Dungeon Overview and Level Annotations

Branches:
Dungeon (13/15)            Temple (1/1) D:5            Lair (0/5) D:8
    Orc (2/2) D:12            Elf (0/3) Orc:2         IceCv (visited)
 Vaults: D:13-14

Altars:
Ashenzari
Cheibriados
Dithmenos
Elyvilon
Fedhas
Gozag
Hepliaklqana
Kikubaaqudgha
Makhleb
Nemelex Xobeh
Okawaru
Qazlal
Ru
Sif Muna
Trog
Uskayaw
Vehumet
Wu Jian
Xom
Yredelemnul
Zin
The Shining One

Shops:
D:1 *[   D:8 [   Orc:2 *(=

Annotations:
D:7 2 transporters, Pokonic1's ghost, novice DsBe
D:13 1 transporter, bakla's ghost, journeyman DsSh


Innate Abilities, Weirdness & Mutations

You are a fearsome dragon!
You have a powerful clawing attack.
Your giant scaled body is strong and resiliant, but less evasive.
You can breathe fire.
You are flying.
Your maximum health is greatly increased.
Your armour is entirely melded.
You are incapable of wielding weapons or throwing items.
You are too large for most types of armour.
((You have claws for hands.))
Your natural rate of healing is unusually fast.
((You are covered in fur. (AC +1)))
((You have tough skin. (AC +1)))
You possess an exceptional clarity of mind.
You occasionally shout uncontrollably at your foes.


Message History

The two-headed ogre hits you with a +0 giant spiked club!!
* * * LOW HITPOINT WARNING * * *
The two-headed ogre hits you with a +0 dire flail.
* * * LOW HITPOINT WARNING * * *
You catch the helpless two-headed ogre completely off-guard!
You maul the two-headed ogre!!!
You kill the two-headed ogre!
Your centaur warrior wields a +0 shortbow.
Your centaur warrior shoots an arrow.
The arrow hits bakla's ghost!
You miss bakla's ghost.
Bakla's ghost is lightly damaged.
The two-headed ogre barely misses you. The two-headed ogre closely misses you.
Your centaur warrior unwields a +0 shortbow.
Your centaur warrior hits the orc knight.
Your centaur warrior misses the orc knight.
You claw bakla's ghost!
Your tail-slap misses bakla's ghost.
Bakla's ghost is moderately damaged.
The orc knight hits you with a +1 antimagic battleaxe!
* * * LOW HITPOINT WARNING * * *
You feel your power leaking away.
The orc knight hits your centaur warrior with a +1 antimagic battleaxe!
Bakla's ghost hits you but does no damage.
You feel much better.
Your centaur warrior wields a +0 shortbow.
Your centaur warrior shoots an arrow.
The arrow hits the orc knight!
The orc knight hits you with a +1 antimagic battleaxe!
* * * LOW HITPOINT WARNING * * *
The orc knight hits your centaur warrior with a +1 antimagic battleaxe!
Bakla's ghost hits you.
* * * LOW HITPOINT WARNING * * *
The troll bites your centaur warrior!
The troll closely misses your centaur warrior.
The troll claws your centaur warrior!
The two-headed ogre completely misses you.
The two-headed ogre hits you with a +0 dire flail!
* * * LOW HITPOINT WARNING * * *
Your centaur warrior shoots an arrow.
The arrow hits the orc knight!
Bakla's ghost attacks as you move away! Bakla's ghost hits you!!
You die...
Your body glows slightly and disappears.

.. .. ####### .#
#...###.....## .#
#...#....©... .#
#......##### .#
#....###OD.#
.#######...##..Woc.#
...........#....T##..#
..........##....#≈ .#
..........#....... .#
.#######.[#©.##(_$. #.
.# #..#..#≈)!!# . .#
#..##.###.#≈ .#
#...##W.|.###


You could see an orc knight, a two-headed ogre, a troll, bakla's ghost (ally
target) and a friendly centaur warrior (summoned).

Vanquished Creatures
  A frost giant (IceCv)
  A stone giant (Orc:2)
  Josephine (D:12)
  2 ettins
  The ghost of bobarctor the Brawler, a journeyman TrBe of Trog (D:12)
  Harold (D:9)
  Erica (D:11)
  5 two-headed ogres
  7 death yaks (IceCv)
  An orc high priest (Orc:2)
  8 orc knights (Orc:2)
  4 orc sorcerers (Orc:2)
  6 cyclopes
  An ugly thing (D:12)
  A rust devil (D:10)
  A moth of wrath (D:13)
  A smoke demon (D:10)
  A komodo dragon (D:12)
  6 rime drakes (IceCv)
  6 trolls
  A hellwing (D:10)
  8 polar bears
  Prince Ribbit (D:5)
  2 red devils (D:10)
  6 saltlings (Orc:2)
  8 slime creatures
  5 centaur simulacra (D:11)
  A water elemental (D:11)
  A shadow (D:12)
  A ynoxinul (D:12)
  7 wraiths
  9 yaks
  2 vampires
  4 fire bats (D:8)
  2 steam dragons
  Menkaure (D:5)
  5 wargs
  2 acid dragons
  3 water moccasins
  16 orc warriors
  4 ice beasts
  A sky beast (D:7)
  8 ogres
  11 wolves
  3 centaurs
  6 kobold brigands
  2 phantoms (D:12)
  4 bullfrogs
  3 gnoll sergeants
  6 scorpions
  16 wights
  2 killer bees (D:9)
  3 electric eels
  A howler monkey (D:9)
  A jelly (D:5)
  3 hounds
  A gnoll bouda (D:5)
  15 orc priests
  3 iguanas
  16 orc wizards
  3 sleepcaps
  6 ogre zombies (D:12)
  11 gnolls
  6 adders
  A shadow imp (D:5)
  4 white imps
  4 ufetubi
  2 worms (D:2)
  3 dart slugs
  59 orcs
  3 ball pythons
  5 bats
  5 endoplasms
  4 giant cockroaches
  8 goblins
  6 hobgoblins
  7 jackals (D:1)
  2 quokkas
  A frilled lizard (D:2)
  A goblin skeleton (D:12)
  A hobgoblin zombie (D:12)
  26 kobolds
  An orc skeleton (D:12)
  16 orc zombies (D:12)
  3 rats
438 creatures vanquished.

Vanquished Creatures (collateral kills)
  An orc (D:11)
1 creature vanquished.

Vanquished Creatures (others)
  A fire vortex (D:8)
1 creature vanquished.

Grand Total: 440 creatures vanquished

Notes
Turn   | Place    | Note
-------+----------+-------------------------------------------
     0 | D:1      | CraigForest the Troll Fighter began the quest for the Orb.
     0 | D:1      | Reached XP level 1. HP: 22/22 MP: 0/0
    27 | D:1      | Found Dafid's Assorted Antiques.
    49 | D:1      | Reached XP level 2. HP: 25/29 MP: 1/1
   260 | D:1      | Reached XP level 3. HP: 5/36 MP: 2/2
   286 | D:1      | Found Pah Puto's Antique Armour Boutique.
   301 | D:1      | Reached skill level 1 in Shapeshifting
   520 | D:2      | Reached XP level 4. HP: 6/44 MP: 3/3
   600 | D:2      | Found Ynukhoih's Assorted Antiques.
   635 | D:2      | Learned a level 2 spell: Wereblood
  1164 | D:3      | Noticed a scorpion
  1166 | D:3      | Killed a scorpion
  1167 | D:3      | Reached XP level 5. HP: 7/50 MP: 4/4
  1203 | D:3      | Found a faded altar of an unknown god.
  1396 | D:3      | Found a sparkling altar of Nemelex Xobeh.
  1403 | D:3      | Became a worshipper of Nemelex Xobeh the Trickster
  1834 | D:4      | Found a white marble altar of Elyvilon.
  1852 | D:4      | Reached XP level 6. HP: 8/59 MP: 5/5
  1948 | D:4      | Found a basalt altar of Yredelemnul.
  2125 | D:4      | Reached skill level 5 in Shapeshifting
  2193 | D:4      | Reached XP level 7. HP: 9/66 MP: 4/6
  2267 | D:5      | Entered Level 5 of the Dungeon
  2335 | D:5      | Noticed Menkaure
  2342 | D:5      | Killed Menkaure
  2418 | D:5      | Noticed Prince Ribbit
  2424 | D:5      | Killed Prince Ribbit
  2425 | D:5      | Reached skill level 3 in Unarmed Combat
  2425 | D:5      | Reached XP level 8. HP: 9/74 MP: 2/7
  2483 | D:5      | Found a staircase to the Ecumenical Temple.
  2494 | Temple   | Entered the Ecumenical Temple
  2660 | D:5      | Found a glowing silver altar of Zin.
  2969 | D:5      | Reached * piety under Nemelex Xobeh
  2989 | D:5      | Reached skill level 4 in Unarmed Combat
  3292 | D:6      | Found a burning altar of Makhleb.
  3314 | D:6      | Received a gift from Nemelex Xobeh
  3795 | D:7      | Reached skill level 5 in Unarmed Combat
  3827 | D:7      | Reached XP level 9. HP: 43/81 MP: 8/8
  4095 | D:7      | Found a transporter.
  4128 | D:7      | Found a transporter.
  4132 | D:7      | Noticed Pokonic1's ghost (novice DsBe)
  4152 | D:7      | Found a stormy altar of Qazlal.
  4574 | D:8      | Reached ** piety under Nemelex Xobeh
  4585 | D:8      | Noticed a cyclops
  4594 | D:8      | Killed a cyclops
  4595 | D:8      | Reached skill level 6 in Unarmed Combat
  4640 | D:8      | Noticed a troll
  4648 | D:8      | Killed a troll
  4657 | D:8      | Found a staircase to the Lair.
  4672 | D:8      | Reached skill level 10 in Shapeshifting
  4677 | D:8      | Reached skill level 7 in Unarmed Combat
  4698 | D:8      | Found Fetaa's Antique Armour Boutique.
  4887 | D:8      | Reached XP level 10. HP: 70/91 MP: 7/9
  4979 | D:9      | Found a hide-covered altar of Uskayaw.
  5123 | D:9      | Learned a level 2 spell: Blink
  5169 | D:9      | Noticed Harold
  5174 | D:9      | Killed Harold
  5175 | D:9      | Reached skill level 8 in Unarmed Combat
  5288 | D:9      | Noticed a cyclops
  5293 | D:9      | Killed a cyclops
  5310 | D:9      | Found a bloodstained altar of Trog.
  5317 | D:9      | Reached skill level 9 in Unarmed Combat
  5347 | D:9      | Noticed a two-headed ogre
  5353 | D:9      | Killed a two-headed ogre
  5415 | D:9      | Gained mutation: You possess an exceptional clarity of
                  | mind. [potion of mutation]
  5415 | D:9      | Gained mutation: You occasionally shout uncontrollably at
                  | your foes. [potion of mutation]
  5562 | D:10     | Entered Level 10 of the Dungeon
  5806 | D:10     | Received a gift from Nemelex Xobeh
  6027 | D:10     | Found a radiant altar of Vehumet.
  6079 | D:10     | Reached *** piety under Nemelex Xobeh
  6102 | D:10     | Found a shimmering blue altar of Sif Muna.
  6111 | D:10     | Noticed a rust devil
  6111 | D:10     | Noticed a smoke demon
  6116 | D:10     | Reached skill level 10 in Unarmed Combat
  6116 | D:10     | Reached XP level 11. HP: 83/97 MP: 8/10
  6742 | D:11     | Received a gift from Nemelex Xobeh
  6816 | D:11     | Found a radiant altar of Vehumet.
  6845 | D:11     | Reached skill level 11 in Unarmed Combat
  6904 | D:11     | Noticed a two-headed ogre
  6908 | D:11     | Killed a two-headed ogre
  7054 | D:11     | Found a frozen archway.
  7060 | IceCv    | Entered an ice cave
  7118 | IceCv    | Reached **** piety under Nemelex Xobeh
  7124 | IceCv    | Noticed a death yak
  7125 | IceCv    | Noticed a death yak
  7129 | IceCv    | Killed a death yak
  7130 | IceCv    | Reached skill level 12 in Unarmed Combat
  7131 | IceCv    | Killed a death yak
  7208 | IceCv    | Noticed a frost giant
  7208 | IceCv    | Noticed a death yak
  7216 | IceCv    | Killed a frost giant
  7217 | IceCv    | Reached XP level 12. HP: 105/105 MP: 11/11
  7218 | IceCv    | Killed a death yak
  7288 | IceCv    | Noticed a death yak
  7288 | IceCv    | Noticed a death yak
  7297 | IceCv    | Killed a death yak
  7307 | IceCv    | Killed a death yak
  7317 | IceCv    | Noticed a death yak
  7322 | IceCv    | Killed a death yak
  7338 | IceCv    | Noticed a death yak
  7344 | IceCv    | Killed a death yak
  7345 | IceCv    | Reached skill level 13 in Unarmed Combat
  7632 | D:11     | Received a gift from Nemelex Xobeh
  7637 | D:11     | Noticed a two-headed ogre
  7644 | D:11     | Killed a two-headed ogre
  7774 | D:11     | Noticed Erica
  7780 | D:11     | Killed Erica
  7835 | D:11     | Identified 2 scrolls of acquirement
  7835 | D:11     | Acquired a manual of Shapeshifting
  7870 | D:11     | Acquired a manual of Unarmed Combat
  7956 | D:12     | Found a runed translucent door.
  7956 | D:12     | Noticed bobarctor's ghost (journeyman TrBe)
  7969 | D:12     | Killed bobarctor's ghost
  7978 | D:12     | Noticed Josephine
  8003 | D:12     | Killed Josephine
  8016 | D:12     | Reached skill level 14 in Unarmed Combat
  8288 | D:12     | Found a staircase to the Orcish Mines.
  8307 | D:12     | Reached XP level 13. HP: 113/113 MP: 12/12
  8524 | Orc:1    | Entered Level 1 of the Orcish Mines
  8524 | Orc:1    | Received a gift from Nemelex Xobeh
  8968 | Orc:2    | Entered Level 2 of the Orcish Mines
  8970 | Orc:2    | Found a staircase to the Elven Halls.
  9093 | Orc:2    | Reached skill level 15 in Shapeshifting
  9157 | Orc:2    | Reached skill level 15 in Unarmed Combat
  9262 | Orc:2    | Received a gift from Nemelex Xobeh
  9375 | Orc:2    | Noticed an ettin
  9394 | Orc:2    | Killed an ettin
  9417 | Orc:2    | Noticed a stone giant
  9423 | Orc:2    | Killed a stone giant
  9424 | Orc:2    | Reached skill level 16 in Unarmed Combat
  9427 | Orc:2    | Found Fuitin's Weapon Boutique.
  9442 | Orc:2    | Found Jeqet's Jewellery Boutique.
  9467 | Orc:2    | Bought the ring of Xom's Recklessness {rCorr Str+4 Int+5
                  | SInv Stlth-} for 631 gold pieces
  9486 | Orc:2    | Found Vukawkoam's Assorted Antiques.
  9494 | Orc:2    | Bought a fizzy purple potion for 34 gold pieces
  9615 | Orc:2    | Reached ***** piety under Nemelex Xobeh
  9733 | Orc:2    | Received a gift from Nemelex Xobeh
 10058 | D:13     | Found a transporter.
 10066 | D:13     | Noticed bakla's ghost (journeyman DsSh)
 10072 | D:13     | Noticed an ettin
 10075 | D:13     | Found a bloodstained altar of Trog.
 10081 | D:13     | Found a transporter.
 10094 | D:13     | Killed an ettin
 10095 | D:13     | Reached skill level 17 in Unarmed Combat
 10103 | D:13     | Mangled by bakla's ghost

Illustrated notes

Levels and vault maps discovered:
D:1:      ncdulo_watergridlock, layout_rooms, serial_shops, shop, shop_statue,
          kennysheep_another_room
D:2:      layout_basic, serial_shops, shop, hangedman_glass_teeth
D:3:      layout_loops_ring, nemelex_xobeh_ov_fountains_minmay,
          shapermc_ecumenical_altar_venn
D:4:      layout_rooms, lemuel_round_altar, mainiacjoe_overflow_surrounded_room
D:5:      layout_basic, zin_scriptorium, minmay_temple_entry_waves,
          grunt_tough_drop, uniq_menkaure, uniq_prince_ribbit1
D:6:      layout_basic, bloody_makhleb
D:7:      layout_basic, mainiacjoe_overflow_small_starburst,
          gammafunk_ghost_stat_death, nrook_pool_corridor,
          hangedman_decor_peaks_small
D:8:      layout_basic, lair_entry_dummy, serial_shops, shop,
          hangedman_incinerator
D:9:      kennysheep_spiral_hall, layout_loops_ring, lemuel_round_altar,
          kennysheep_mini_moat, uniq_harold
D:10:     layout_grid_maze, mainiacjoe_overflow_paths, lemuel_doored_altar,
          nicolae_where_there's_smoke
D:11:     layout_cave_pods, serial_ice, serial_ice_b, serial_ice_o,
          serial_ice_f, serial_ice_j, serial_ice_n, serial_ice_e,
          portal_ice_cave_entry_pillars_2, nicolae_vehumet_altar_sigil,
          uniq_erica
D:12:     layout_loops_ring, zombieorc1_lemuel, hellmonk_ghost_big_iron,
          uniq_josephine
D:13:     layout_small_grid, erik_vaults_1, gammafunk_ghost_wrathful_warriors,
          st_stairs_1, minmay_stone_trees_small
Temple:   hellmonk_temple_flake
Orc:1:    layout_caves
Orc:2:    hellmonk_orc_salted, layout_caves, enter_volcano_2

Skill      XL: |  1  2  3  4  5  6  7  8  9 10 11 12 13 |
---------------+----------------------------------------+-----
Shields        | 3 |  3.0
Shapeshifting  | 2 3 4 5 7 8 10 11 12 14 16 | 16.4
Unarmed Combat | 3 5 7 10 12 14 17 | 17.1
Fighting       | 3 |  3.8
Dodging        | 3 4 |  4.8

Action                     |  1- 3 |  4- 6 |  7- 9 | 10-12 | 13-15 || total
---------------------------+-------+-------+-------+-------+-------++-------
  Melee: Unarmed           |    62 |    73 |   117 |   328 |   243 ||   823
         Bite              |     2 |     2 |     8 |    27 |    23 ||    62
         Tailslap          |       |     6 |     5 |    34 |    18 ||    63
         Punch             |       |       |     1 |    14 |    12 ||    27
 Invoke: Draw Summoning    |       |       |       |     2 |     1 ||     3
         Draw Destruction  |       |       |       |     2 |     2 ||     4
Ability: Breathe Fire      |       |     8 |    13 |    30 |    15 ||    66
         Begin Untransform |       |       |       |       |     1 ||     1
    Use: Scroll            |       |     4 |     4 |    12 |     1 ||    21
         Potion            |       |       |       |     3 |     3 ||     6
   Stab: Distracted        |       |       |       |       |     1 ||     1
 Armour: Robe              |    13 |       |       |       |       ||    13
         Skin              |     9 |    35 |    60 |   169 |    96 ||   369
  Dodge: Dodged            |    23 |    26 |    43 |   130 |    75 ||   297
  Block: Kite shield       |    22 |       |       |       |       ||    22
   Form: Dragon            |     1 |       |       |       |     1 ||     2

Table legend: (Time is in decaauts)
 A = Elapsed time spent in this place.
 B = Non-inter-level travel time spent in this place.
 C = Inter-level travel time spent in this place.
 D = Time resting spent in this place.
 E = Time spent auto-exploring this place.
 F = Levels seen in this place.
 G = Mean time per level.
                   A        B        C        D        E       F      G
               +--------+--------+--------+--------+--------+-----+--------+
         Total |   9971 |   5694 |   4277 |      0 |   3049 |  17 |  586.5 |
       Dungeon |   8168 |   4287 |   3881 |      0 |   2430 |  13 |  628.3 |
        Temple |     62 |     42 |     20 |      0 |     23 |   1 |   62.0 |
  Orcish Mines |   1195 |    819 |    376 |      0 |    446 |   2 |  597.5 |
      Ice Cave |    545 |    545 |      0 |      0 |    150 |   1 |  545.0 |
               +--------+--------+--------+--------+--------+-----+--------+

Top non-repeatable levels by time:
    D:10: 1059 daAuts
     D:7: 802 daAuts
     D:5: 772 daAuts
     D:3: 723 daAuts
    D:11: 711 daAuts
    D:12: 646 daAuts
   Orc:2: 639 daAuts
     D:6: 622 daAuts
     D:9: 601 daAuts
     D:2: 592 daAuts
   Orc:1: 556 daAuts
   IceCv: 545 daAuts
     D:4: 479 daAuts
     D:1: 469 daAuts
     D:8: 424 daAuts
